 Dungeon Crawl Stone Soup version 0.23.1-37-gaa34b87b72 (webtiles) character file.

Game seed: 2308015886847670484

21107 Banto the Spear-Bearer (level 12, -27/100 HPs)
             Began as a Demigod Wanderer on Mar 20, 2019.
             Killed from afar by Jorgrun (35 damage)
             ... with an iron shot
             ... on level 12 of the Dungeon.
             The game lasted 00:23:43 (17078 turns).

Banto the Spear-Bearer (Demigod Wanderer)          Turns: 17078, Time: 00:23:44

Health: -27/100    AC: 15    Str: 18    XL:     12   Next: 21%
Magic:  16/16      EV:  8    Int: 28    God:
Gold:   698        SH: 12    Dex: 20    Spells: 11/11 levels left

rFire    + . .     SeeInvis +   E - +3 demon trident (vamp)
rCold    . . .     Gourm    .   m - +0 buckler
rNeg     . . .     Faith    .   A - +0 chain mail of Mezcal {Int+6} (curse)
rPois    .         Spirit   .   J - +1 helmet {SInv}
rElec    .         Reflect  +   (no cloak)
rCorr    .         Harm     .   (no gloves)
MR       +....                  K - +1 pair of boots "Fimostri" {rF+ Int+3}
Stlth    ..........             i - +6 amulet of reflection
HPRegen  0.26/turn              a - +3 ring of intelligence
MPRegen  0.15/turn              (no ring)

@: grasped by roots, flying, constricted, lightly drained
A: high mp 1
a: no special abilities


You were on level 12 of the Dungeon.
You were hungry.

You visited 1 branch of the dungeon, and saw 12 of its levels.
You also visited: Sewer, Ossuary and Bailey.

You collected 750 gold pieces.
You spent 52 gold pieces at shops.

Inventory:

Hand Weapons
 E - a +3 vampiric demon trident (weapon)
Missiles
 r - 10 arrows
Armour
 h - a +3 chain mail of fire resistance
 m - a +0 buckler (worn)
 t - a +2 leather armour of fire resistance
 A - the cursed +0 chain mail of Mezcal (worn) {Int+6}
   (You found it on level 6 of the Dungeon)

   It affects your intelligence (+6).
   It has a curse placed upon it.
 J - a +1 helmet of see invisible (worn)
 K - the +1 pair of boots "Fimostri" (worn) {rF+ Int+3}
   (You acquired it on level 12 of the Dungeon)

   It affects your intelligence (+3).
   It protects you from fire.
Jewellery
 a - a +3 ring of intelligence (left hand)
 i - a +6 amulet of reflection (around neck)
Wands
 k - a wand of scattershot (6)
 u - a wand of digging (4)
 y - a wand of disintegration (7)
 D - a wand of paralysis (27)
 F - a wand of enslavement (12)
 G - a wand of flame (52)
 H - a wand of random effects (17)
Scrolls
 b - 4 scrolls of teleportation
 d - a scroll of enchant armour
 e - a scroll of fear
 o - 2 scrolls of fog
 B - 5 scrolls of amnesia
 C - 2 scrolls of remove curse
Potions
 c - 4 potions of magic
 g - 4 potions of might
 j - 11 potions of curing
 l - 4 potions of resistance
 n - 2 potions of invisibility
 p - 2 potions of flight
 s - 6 potions of agility
 w - 3 potions of brilliance
 x - a potion of haste
 z - a potion of cancellation {unknown}
Comestibles
 f - 17 rations
 q - 8 chunks of flesh


   Skills:
 + Level 7.3(6.9) Fighting
 - Level 14.0(13.6) Polearms
   Level 1.7(1.4) Bows
 + Level 7.2(6.8) Armour
 + Level 7.3(6.9) Dodging
 - Level 4.3(3.9) Shields
 - Level 1.7(1.4) Evocations


You had 11 spell levels left.
You didn't know any spells.
Your spell library contained the following spells:

 Spells                   Type           Power        Failure   Level  Hunger
 Animate Skeleton         Necr           N/A          75%         1    ##.....
 Apportation              Tloc           #.....       75%         1    ##.....
 Beastly Appendage        Tmut           #.....       75%         1    ##.....
 Confusing Touch          Hex            #.....       75%         1    ##.....
 Summon Butterflies       Summ           #.......     75%         1    ##.....
 Summon Small Mammal      Summ           #...         75%         1    ##.....
 Sticks to Snakes         Tmut           #.......     87%         2    ###....
 Lesser Beckoning         Tloc           #.........   98%         3    ####...
 Spider Form              Tmut/Pois      #.........   98%         3    ####...
 Tukima's Dance           Hex            #.......     98%         3    ####...
 Ice Form                 Ice/Tmut       #.......     100%        4    #####..
 Alistair's Intoxication  Tmut/Pois      #.......     100%        5    ######.
 Blade Hands              Tmut           #.........   100%        5    ######.
 Invisibility             Hex            #.......     100%        6    #######


Dungeon Overview and Level Annotations

Branches:
Dungeon (12/15)            Temple (0/1) D:4            Lair (0/6) D:11
    Orc (0/2) D:10

Shops:
D:6 *

Annotations:
D:11 2 runed translucent doors, hofbold's ghost, novice FeAr
D:12 Jorgrun


Innate Abilities, Weirdness & Mutations

You have an increased reservoir of magic. (+10% MP)


Message History

The grasping roots constrict you!
Unknown command.
Unknown command.
Attack whom?
Press: ? - help, Dir - move target cursor, f/p - Jorgrun
Aim: Jorgrun, wielding a +0 quarterstaff of crushing and wearing a +2 robe of cold resistance (severely wounded)
You reach to attack!
You miss Jorgrun.
Jorgrun is severely wounded.
The crimson imp blinks!
Unknown command.
Unknown command.
Unknown command.
Attack whom?
Press: ? - help, Dir - move target cursor, f/p - Jorgrun
Aim: Jorgrun, wielding a +0 quarterstaff of crushing and wearing a +2 robe of cold resistance (severely wounded)
You reach to attack!
You puncture Jorgrun!
Jorgrun is severely wounded.
Jorgrun casts a spell at you. The iron shot hits you!!
You die...

#(# #.# #)#
#(#
#.##########.
#............
#.....g......
#............
#...@ยง../....
#........5...
#............
#............
#............
#..#########.
#.. #..


You could see Jorgrun and a crimson imp.

Vanquished Creatures
  Gastronok (D:9)
  An orc warlord (Bailey)
  Harold (D:8)
  Fannar (D:12)
  A hydra (D:10)
  Nergalle (D:12)
  3 orc knights (Bailey)
  Pikel (D:4)
  An ugly thing (D:11)
  An elephant (D:11)
  Psyche (D:8)
  2 centaur skeletons
  3 trolls
  A slime creature (D:12)
  2 hippogriffs (D:11)
  Sigmund (D:3)
  A basilisk (D:11)
  13 yaks
  A wraith (D:11)
  Eustachio (D:4)
  Edmund (D:6)
  Menkaure (D:5)
  Duvessa (D:4)
  2 black bears
  Purgy (D:3)
  4 ice beasts
  16 orc warriors
  3 sky beasts
  2 ogres (D:8)
  2 necrophages
  4 centaurs
  2 crocodiles
  2 elf zombies (Ossuary)
  7 big kobolds
  9 bullfrogs
  A water moccasin skeleton (D:8)
  A wyvern skeleton (D:10)
  2 scorpions
  10 killer bees
  3 wights (D:11)
  7 howler monkeys
  4 crimson imps
  3 centaur zombies
  2 quasits
  3 hounds
  8 jellies
  2 human zombies (Ossuary)
  7 orc priests
  20 orc wizards
  A bullfrog skeleton (D:11)
  6 iguanas
  Jessica (D:3)
  5 worker ants
  Natasha (thrice) (D:4)
  2 big kobold zombies (Ossuary)
  2 mummies (Ossuary)
  Robin (D:3)
  2 howler monkey skeletons
  16 gnolls
  2 river rats (Sewer)
  19 adders
  2 shadow imps (D:10)
  13 oozes
  An adder zombie (Ossuary)
  4 worms
  A dart slug (D:3)
  8 leopard geckos
  51 orcs
  7 bats
  4 giant cockroaches
  31 goblins
  17 hobgoblins
  8 jackals
  2 quokkas
  5 ball pythons
  5 frilled lizards
  A goblin zombie (Ossuary)
  7 hobgoblin zombies (Ossuary)
  3 jackal zombies (Ossuary)
  42 kobolds
  8 kobold zombies (Ossuary)
  10 orc zombies (Ossuary)
  10 rats
468 creatures vanquished.

Vanquished Creatures (others)
  3 slaves (D:4)
  A centaur (D:10)
  Dowan (D:4)
  A worm (D:4)
  A leopard gecko (D:4)
  An orc (D:9)
  A giant cockroach (D:4)
  4 kobolds (D:9)
  9 toadstools (D:4)
22 creatures vanquished.

Grand Total: 490 creatures vanquished

Notes
Turn   | Place    | Note
-------+----------+-------------------------------------------
     0 | D:1      | Banto the Demigod Wanderer began the quest for the Orb.
     0 | D:1      | Banto set off with the following items: a +2 spear, a
                  | scroll of teleportation, a +0 shortbow, 26 arrows, a +0
                  | robe, a ration
     0 | D:1      | Reached XP level 1. HP: 16/16 MP: 4/4
    75 | D:1      | Reached skill level 4 in Polearms
    96 | D:1      | Reached XP level 2. HP: 21/23 MP: 5/5
   728 | D:2      | Reached XP level 3. HP: 28/28 MP: 6/6
   745 | D:2      | Reached skill level 5 in Polearms
   832 | D:2      | Reached XP level 4. HP: 31/35 MP: 7/7
  1056 | D:2      | Noticed a necrophage
  1069 | D:2      | Killed a necrophage
  1069 | D:2      | Reached skill level 6 in Polearms
  1069 | D:2      | Reached XP level 5. HP: 29/40 MP: 8/8
  1619 | D:3      | Noticed Robin
  1641 | D:3      | Killed Robin
  1751 | D:3      | Noticed Sigmund
  1887 | D:3      | Killed Sigmund
  1887 | D:3      | Reached skill level 7 in Polearms
  1887 | D:3      | Reached XP level 6. HP: 44/47 MP: 10/10
  1973 | D:3      | Reached skill level 1 in Shields
  2024 | D:3      | Noticed Jessica
  2027 | D:3      | Killed Jessica
  2064 | D:3      | Noticed Purgy
  2075 | D:3      | Killed Purgy
  2156 | D:3      | Reached XP level 7. HP: 50/52 MP: 11/11
  2373 | D:4      | Noticed Eustachio
  2389 | D:4      | Killed Eustachio
  2389 | D:4      | Reached skill level 8 in Polearms
  2405 | D:4      | Noticed Pikel
  2456 | D:4      | Noticed Natasha
  2465 | D:4      | Killed Pikel
  2465 | D:4      | Reached XP level 8. HP: 15/59 MP: 12/12
  2741 | D:4      | Killed Natasha
  2747 | D:4      | Noticed Dowan
  2747 | D:4      | Noticed Duvessa
  2838 | D:4      | Killed Dowan
  2842 | D:4      | Noticed Natasha
  2878 | D:4      | Killed Natasha
  2880 | D:4      | Noticed Natasha
  2893 | D:4      | Killed Natasha
  2893 | D:4      | Reached skill level 9 in Polearms
  2947 | D:4      | Found a glowing drain.
  2960 | Sewer    | Entered a sewer
  3901 | D:4      | Reached skill level 10 in Polearms
  4495 | D:4      | Killed Duvessa
  5026 | D:4      | Found a staircase to the Ecumenical Temple.
  6048 | D:5      | Entered Level 5 of the Dungeon
  6554 | D:5      | Noticed Menkaure
  6924 | D:5      | Found a sparkling altar of Nemelex Xobeh.
  6975 | D:5      | Killed Menkaure
  6975 | D:5      | Reached skill level 1 in Armour
  7194 | D:6      | Noticed Edmund
  7224 | D:6      | Killed Edmund
  7224 | D:6      | Reached XP level 9. HP: 46/67 MP: 13/13
  7271 | D:6      | HP: 1/67 [iguana (9)]
  7499 | D:6      | Found a sand-covered staircase.
  7504 | Ossuary  | Entered an ossuary
  8204 | D:6      | Got a slimy chain mail
  8215 | D:6      | Identified the cursed +0 chain mail of Mezcal {Int+6} (You
                  | found it on level 6 of the Dungeon)
  8282 | D:6      | Found Uzehul's General Store.
  8292 | D:6      | Bought a scroll of identify for 26 gold pieces
  8292 | D:6      | Bought a scroll of identify for 26 gold pieces
 11703 | D:8      | Found a radiant altar of Vehumet.
 11703 | D:8      | Noticed Harold
 11745 | D:8      | Killed Harold
 11745 | D:8      | Reached skill level 5 in Fighting
 11745 | D:8      | Reached skill level 5 in Armour
 11745 | D:8      | Reached skill level 5 in Dodging
 11745 | D:8      | Reached XP level 10. HP: 45/81 MP: 14/14
 11955 | D:8      | Noticed Psyche
 11958 | D:8      | Killed Psyche
 13559 | D:9      | Noticed Gastronok
 13603 | D:9      | Identified a scroll of acquirement
 13819 | D:9      | Killed Gastronok
 13819 | D:9      | Reached skill level 11 in Polearms
 14365 | D:10     | Entered Level 10 of the Dungeon
 14451 | D:10     | Reached XP level 11. HP: 79/89 MP: 15/15
 14568 | D:10     | Found a staircase to the Orcish Mines.
 15010 | D:10     | Reached skill level 12 in Polearms
 15146 | D:10     | Noticed a five-headed hydra
 15160 | D:10     | Killed a five-headed hydra
 15439 | D:11     | Found a staircase to the Lair.
 15461 | D:11     | Reached skill level 13 in Polearms
 15727 | D:11     | Noticed a lich
 15727 | D:11     | Noticed hofbold's ghost (novice FeAr)
 15727 | D:11     | Noticed a +3 antimagic broad axe
 15728 | D:11     | Noticed a necromancer
 15728 | D:11     | Noticed a hell knight
 15792 | D:11     | Found a bloodstained altar of Trog.
 16026 | D:11     | Found a runed translucent door.
 16071 | D:11     | Found a runed translucent door.
 16228 | D:12     | Noticed Fannar
 16322 | D:12     | Killed Fannar
 16322 | D:12     | Reached skill level 14 in Polearms
 16356 | D:12     | Found a flagged portal.
 16384 | Bailey   | Entered a bailey
 16506 | Bailey   | Noticed an orc knight
 16532 | Bailey   | Killed an orc knight
 16695 | Bailey   | Noticed an orc warlord
 16695 | Bailey   | Noticed an orc knight
 16695 | Bailey   | Noticed an orc knight
 16708 | Bailey   | Killed an orc knight
 16723 | Bailey   | Killed an orc warlord
 16723 | Bailey   | Reached XP level 12. HP: 96/97 MP: 16/16
 16830 | D:12     | Got a pair of crude boots
 16836 | D:12     | Identified the +1 pair of boots "Fimostri" {rF+ Int+3} (You
                  | acquired it on level 12 of the Dungeon)
 16895 | D:12     | Noticed Nergalle
 16922 | D:12     | Killed Nergalle
 17042 | D:12     | Noticed Jorgrun
 17070 | D:12     | HP: 2/100 [Jorgrun/+0 quarterstaff of crushing (11)]
 17078 | D:12     | Killed from afar by Jorgrun

Skill      XL: |  1  2  3  4  5  6  7  8  9 10 11 12 |
---------------+-------------------------------------+-----
Polearms       | 4 5 6 7 8 10 11 14 | 14.0
Shields        | 2 4 |  4.3
Armour         | 1 5 6 7 |  7.2
Fighting       | 2 5 6 7 |  7.3
Dodging        | 2 5 6 7 |  7.3
Bows           | |  1.7
Evocations     | |  1.7

Action                   |  1- 3 |  4- 6 |  7- 9 | 10-12 || total
-------------------------+-------+-------+-------+-------++-------
Melee: Spear             |   114 |   136 |       |       ||   250
       Dagger            |       |    32 |  1049 |   228 ||  1309
       Demon trident     |       |       |       |   800 ||   800
Throw: Throwing net      |       |       |     3 |       ||     3
Evoke: Wand              |       |       |    12 |     5 ||    17
  Use: Scroll            |       |       |    15 |    13 ||    28
       Potion            |       |       |     3 |     6 ||     9
  Eat: Chunk             |       |     4 |    22 |    16 ||    42
       Ration            |       |       |     3 |     2 ||     5
Armor: Ring mail         |    39 |    30 |   119 |       ||   188
       Robe              |     2 |       |       |       ||     2
       Leather armour    |       |       |    80 |       ||    80
       Chain mail        |       |       |   119 |   210 ||   329
Dodge: Dodged            |    40 |    61 |   404 |   263 ||   768
Block: Other             |    16 |    23 |       |       ||    39
       Reflection        |     1 |       |     4 |    23 ||    28
       Buckler           |       |    31 |   413 |   365 ||   809
